 Dungeon Crawl Stone Soup version 0.31.0-4-g52a2dc7128 (webtiles) character file.

Game seed: 1817066350457958409

51 BeingJoeMalik the Caller (level 3, -3/19 HPs)
             Began as a Deep Elf Summoner on Jan 23, 2024.
             Slain by a gnoll
             ... wielding a +0 whip
              (6 damage)
             ... on level 2 of the Dungeon.
             The game lasted 00:05:53 (1483 turns).

BeingJoeMalik the Caller (Deep Elf Summoner)        Turns: 1483, Time: 00:05:53

Health: -3/19      AC:  3    Str:  7    XL:     3   Next: 57%
Magic:  5/9        EV: 12    Int: 19    God:
Gold:   118        SH:  0    Dex: 15    Spells: 4/8 levels left

rFire   . . .        (no weapon)
rCold   . . .        (no shield)
rNeg    . . .        a - +0 robe
rPois   .            g - +1 hat
rElec   .            (no cloak)
rCorr   .            (no gloves)
SInv    .            (no boots)
Will    .....        (no amulet)
Stlth   ++           (no ring)
HPRegen 0.23/turn    (no ring)
MPRegen 0.11/turn

%: no passive effects
@: no status effects
A: no striking features
a: no special abilities


You were on level 2 of the Dungeon.
You visited 1 branch of the dungeon, and saw 2 of its levels.

You collected 118 gold pieces.

Inventory:

Armour
 a - a +0 robe (worn)
 g - a +1 hat (worn)
 i - a +0 buckler
Scrolls
 c - a scroll of immolation {unknown}
 e - 2 scrolls of identify {unknown}
 j - a scroll of teleportation {unknown}
Potions
 b - a potion of magic
 d - a potion of ambrosia {unknown}
 f - a potion of curing {unknown}
 h - a potion of attraction {unknown}


   Skills:
 - Level 2.4 Dodging
 - Level 2.4 Stealth
 - Level 3.0 Spellcasting
 + Level 5.4 Summonings
 * Level 2.2 Necromancy


You had 4 spell levels left.
You knew the following spells:

 Your Spells              Type           Power      Damage    Failure   Level
a - Summon Small Mammal   Summ           92%        N/A       1%          1
b - Necrotise             Necr           44%        1d6       6%          1
c - Call Imp              Summ           46%        N/A       2%          2

Your spell library contained the following spells:

 Spells                   Type           Power      Damage    Failure   Level
 Call Canine Familiar     Summ           23%        N/A       4%          3
 Vampiric Draining        Necr           11%        2d6       19%         3
 Martyr's Knell           Necr/Summ      17%        N/A       32%         4
 Summon Blazeheart Golem  Fire/Summ      13%        N/A       45%         4
 Summon Lightning Spire   Summ/Air       13%        N/A       45%         4
 Curse of Agony           Necr           11%        N/A       86%         5


Dungeon Overview and Level Annotations

Branches:
Dungeon (2/15)

Altars:


Message History

You can't see any susceptible monsters within range! (Use Z to cast anyway.)
Casting: Necrotise (safe; 6% risk of failure)
Confirm with . or Enter, or press ? or * to list all spells.
You can't see any susceptible monsters within range! (Use Z to cast anyway.) 3 gnolls come into view.
The gnoll shouts!
The rat squeaks loudly.
The gnoll shouts! x2
You hear a bark!
Your bat skeleton crumbles into dust!
A jackal comes into view.
Unknown command.
Casting: Necrotise (safe; 6% risk of failure)
Confirm with . or Enter, or press ? or * to list all spells.
A tiny devil pulls itself out of the air.
Casting: Call Imp (safe; 2% risk of failure)
Confirm with . or Enter, or press ? or * to list all spells.
The gnoll hits you with a +0 whip.
Your cerulean imp hits the gnoll but does no damage.
Casting: Summon Small Mammal (safe; 1% risk of failure)
Confirm with . or Enter, or press ? or * to list all spells.
Aiming: Necrotise (safe; 6% risk of failure)
Press: ? - help, Shift-Dir - straight line, f - gnoll
Aim: a gnoll, wielding a +0 whip (ally target, chance to affect: 73%)
The gnoll writhes in agony.
Your bat barely misses the gnoll.
The gnoll hits you with a +0 whip.
The rat barely misses your cerulean imp.
A gnoll comes into view. It is wielding a +0 halberd.
Your bat closely misses the gnoll.
Your cerulean imp hits the gnoll with a -2 spear.
Your bat barely misses the gnoll.
The rat misses your cerulean imp.
Your cerulean imp hits the gnoll but does no damage.
Unknown command.
Your bat hits the gnoll but does no damage.
The gnoll attacks as it pursues you! The gnoll hits you with a +0 whip.
* * * LOW HITPOINT WARNING * * *
The rat barely misses your cerulean imp.
Your cerulean imp hits the gnoll from afar with a -2 spear.
Unknown command.
Your bat barely misses the gnoll.
The gnoll attacks as it pursues you! The gnoll hits you with a +0 whip.
You die...

#........##...#
#........##...#
#......[.##...#
#........##...#
..............#
..[...........#
..######...#'## #.
#...#.# ##.##@#
#.##g#
#.##.########
######..bg........
.........5.########
..........rg......
.######....#######
#...g# #.......g.g


You could see 4 gnolls, a rat, a friendly cerulean imp (summoned) and a friendly
bat (summoned).

Vanquished Creatures
  6 bats
  3 hobgoblins
  2 ball pythons
11 creatures vanquished.

Vanquished Creatures (collateral kills)
  2 adders (D:2)
  A dart slug (D:1)
  A bat (D:2)
  3 endoplasms
  3 goblins (D:1)
  2 jackals (D:2)
  A quokka (D:2)
  2 frilled lizards
  2 kobolds
  A rat (D:1)
18 creatures vanquished.

Grand Total: 29 creatures vanquished

Notes
Turn   | Place    | Note
-------+----------+-------------------------------------------
     0 | D:1      | BeingJoeMalik the Deep Elf Summoner began the quest for the
                  | Orb.
     0 | D:1      | Reached XP level 1. HP: 10/10 MP: 6/6
    77 | D:1      | Learned a level 1 spell: Necrotise
   178 | D:1      | Reached XP level 2. HP: 15/15 MP: 8/8
   183 | D:1      | Learned a level 2 spell: Call Imp
   308 | D:1      | Reached skill level 5 in Summonings
   646 | D:1      | Found a faded altar of an unknown god.
   684 | D:1      | Reached skill level 1 in Necromancy
   854 | D:2      | Reached XP level 3. HP: 19/19 MP: 0/9
  1483 | D:2      | Slain by a gnoll

Illustrated notes

Levels and vault maps discovered:
D:1:      minmay_arrival_stair_chambers, layout_rooms,
          shapermc_ecumenical_altar_flowoftime, serial_park_tiny_1
D:2:      layout_basic, serial_shops, shop, minmay_joined_circles

Skill      XL: |  1  2  3 |
---------------+----------+-----
Summonings     | 5 |  5.4
Necromancy     | 1 2 |  2.2
Dodging        | |  2.4
Stealth        | |  2.4
Spellcasting   | |  3.0

Action                     || total
---------------------------++-------
  Melee: Unarmed           ||    29
   Cast: Summon Small Mamm ||    31
         Necrotise         ||    40
         Call Imp          ||     5
 Armour: Robe              ||    29
  Dodge: Dodged            ||    40
